 Dungeon Crawl Stone Soup version 0.31.0-11-ge490571c62 (webtiles) character file.

Game seed: 18370182412211635568

95 qw the Shooter (level 4, 0/22 HPs)
             Began as a Spriggan Hunter on Feb 3, 2024.
             Incinerated by a bombardier beetle (2 damage)
             ... with a burning spray
             ... on level 2 of the Dungeon.
             The game lasted 00:00:06 (1551 turns).

qw the Shooter (Spriggan Hunter)                    Turns: 1551, Time: 00:00:07

Health: 0/22       AC:  2    Str:  7    XL:     4   Next: 39%
Magic:  5/5        EV: 34    Int: 10    God:
Gold:   112        SH:  0    Dex: 20    Spells: 3/3 levels left

rFire   . . .        a - +1 shortbow
rCold   . . .        (shield currently unavailable)
rNeg    . . .        c - +0 robe
rPois   .            (helmet restricted)
rElec   .            (no cloak)
rCorr   .            (gloves unavailable)
SInv    +            (boots unavailable)
Will    .....        i - amulet of the acrobat
Stlth   +            (no ring)
HPRegen 0.23/turn    (no ring)
MPRegen 0.09/turn

%: acrobat
@: on fire, acrobatic, glowing, very quick
A: very small, no large weapons, unfitting armour, see invisible, speed 3
a: no special abilities


You were on level 2 of the Dungeon.
You visited 1 branch of the dungeon, and saw 3 of its levels.

You collected 112 gold pieces.


Innate Abilities, Weirdness & Mutations

You are very small and have problems with some larger weapons.
You are too small for most types of armour.
You have supernaturally acute eyesight. (SInv)
You cover ground extremely quickly. (Speed+++)


   Skills:
 - Level 1.5 Fighting
 - Level 5.4 Ranged Weapons
 + Level 4.0 Dodging
 - Level 1.5 Stealth


You had 3 spell levels left.
You didn't know any spells.
Your spell library was empty.

Inventory:

Hand Weapons
 a - a +1 shortbow (weapon)
Armour
 c - a +0 robe (worn)
Jewellery
 i - an amulet of the acrobat (around neck)
Scrolls
 b - a scroll of teleportation
Potions
 h - a potion of heal wounds

Dungeon Overview and Level Annotations

Branches:
Dungeon (3/15)

Altars:

Shops:
D:1 *


Message History

You shoot an arrow. The arrow barely misses the kobold.
The kobold hits you with a +0 short sword.
You shoot an arrow. The arrow hits the kobold!
You kill the kobold!
You start resting.
HP restored.
You climb downwards.
There is a stone staircase leading up here.
You shoot an arrow.
The arrow closely misses the bombardier beetle.
You shoot an arrow. The arrow hits the bombardier beetle.
The bombardier beetle is moderately wounded.
You shoot an arrow. The arrow hits the bombardier beetle!
The bombardier beetle is severely wounded.
You shoot an arrow.
The arrow completely misses the bombardier beetle.
The bombardier beetle sprays incendiary fluid at you.
The burning spray hits you.
You are covered in liquid fire!
You shoot an arrow.
The arrow hits the bombardier beetle but does no damage.
The bombardier beetle is severely wounded.
The liquid fire burns you!
1546 ||| STAIRDANCE The liquid fire burns you!
The bombardier beetle sprays incendiary fluid at you.
The burning spray misses you.
You shake off some of the fire as you move.
You climb upwards.
The liquid fire burns you!
There is a stone staircase leading down here.
You are on fire!
The liquid fire burns you!
You are on fire!
The liquid fire burns you!
You are on fire!
The liquid fire burns you!
You are on fire!
The liquid fire burns you!
You die...

..######.....#######.#####
.............# #.....#
#########....#######.....#
....#.###.....#..........##
###.#...'.....#.##........#######
....#.###...###..+...............
.####.#.......#..#........#######
.# #.#.#.###.#)%+........'...# .#
#.#.#...#.##@#.......[###.# .#
#.#.....#.##(#........###'### .#
#.#######.##......####....... .#
#.........##......####....... .#
############........##.......
.###### #...........##.#####....
.##...####...........##.....#####
..'...'..'.......................
###...####..........#######.#.#..


There were no monsters in sight!

Vanquished Creatures
  A bombardier beetle (D:2)
  An adder (D:2)
  A dart slug (D:1)
  A ribbon worm (D:2)
  2 endoplasms
  3 giant cockroaches (D:2)
  4 goblins (D:1)
  A hobgoblin (D:2)
  2 quokkas
  2 ball pythons
  6 bats
  2 frilled lizards
  4 kobolds (D:2)
  21 rats
51 creatures vanquished.

Notes
Turn   | Place    | Note
-------+----------+-------------------------------------------
     0 | D:1      | qw the Spriggan Hunter began the quest for the Orb.
     0 | D:1      | Reached XP level 1. HP: 10/10 MP: 2/2
     0 | D:1      | 0 ||| qw: Version: 0.3-a-157-g843a77d
     0 | D:1      | 0 ||| qw: Game counter: 3884
     0 | D:1      | 0 ||| qw: Melee chars always use a shield: true
     0 | D:1      | 0 ||| qw: God list: Okawaru
     0 | D:1      | 0 ||| qw: Allow faded altars: false
     0 | D:1      | 0 ||| qw: Do Orc after clearing Dungeon:15 true
     0 | D:1      | 0 ||| qw: Do second Lair branch before Depths: true
     0 | D:1      | 0 ||| qw: Lair rune preference: random
     0 | D:1      | 0 ||| qw: Goals: Normal
     0 | D:1      | 0 ||| PLANNING D:1-11
    28 | D:1      | Reached skill level 3 in Dodging
   196 | D:1      | Found Plog's Assorted Antiques.
   202 | D:1      | 202 ||| SHOPLISTING scroll labelled KAZXOY ISTESK (25 gold,
                  | have 17).
   202 | D:1      | 202 ||| SHOPLISTING scroll labelled UNIPEPLOME (25 gold,
                  | have 17).
   202 | D:1      | 202 ||| SHOPLISTING scroll labelled XYELIRYUBE (25 gold,
                  | have 17).
   202 | D:1      | 202 ||| SHOPLISTING scroll labelled YKOAQ EXASM (25 gold,
                  | have 17).
   202 | D:1      | 202 ||| SHOPLISTING scroll labelled ZOMIDW ZYAFF (25 gold,
                  | have 17).
   202 | D:1      | 202 ||| SHOPLISTING wooden ring (125 gold, have 17).
   256 | D:1      | Reached XP level 2. HP: 14/14 MP: 3/3
   361 | D:1      | Found a faded altar of an unknown god.
   507 | D:1      | 507 ||| READING 3 scrolls labelled KAZXOY ISTESK.
   507 | D:1      | 507 ||| IDENTIFYING amethyst potion
   508 | D:1      | 508 ||| READING 2 scrolls of identify.
   508 | D:1      | 508 ||| IDENTIFYING blue potion
   509 | D:1      | 509 ||| READING scroll of identify.
   509 | D:1      | 509 ||| IDENTIFYING scroll labelled MAICHE IJUKH
   510 | D:1      | 510 ||| DROPPING scroll of butterflies.
   511 | D:1      | 511 ||| DROPPING scroll of immolation.
   512 | D:1      | 512 ||| DROPPING potion of lignification.
   513 | D:1      | 513 ||| DROPPING potion of brilliance.
  1071 | D:2      | Reached XP level 3. HP: 16/18 MP: 4/4
  1443 | D:2      | 1443 ||| UPGRADING to amulet of the acrobat.
  1448 | D:2      | 1448 ||| READING scroll of identify.
  1448 | D:2      | 1448 ||| IDENTIFYING bubbling emerald potion
  1449 | D:2      | 1449 ||| READING 2 scrolls labelled MUL REARIPHEME.
  1452 | D:2      | 1452 ||| READING scroll labelled KOTWIO DOBO.
  1452 | D:2      | 1452 ||| ENCHANTING +0 shortbow.
  1453 | D:2      | 1453 ||| READING scroll labelled ZOMIDW ZYAFF.
  1453 | D:2      | 1453 ||| ENCHANTING +0 shortbow.
  1454 | D:2      | 1454 ||| READING scroll labelled QAOJOI OTHAWO.
  1462 | D:3      | 1462 ||| STAIRDANCE
  1466 | D:3      | 1466 ||| STAIRDANCE
  1475 | D:3      | 1475 ||| STAIRDANCE
  1483 | D:2      | Reached skill level 5 in Ranged Weapons
  1483 | D:2      | Reached XP level 4. HP: 12/22 MP: 5/5
  1546 | D:3      | 1546 ||| STAIRDANCE
  1549 | D:2      | HP: 5/22 [burnt (2)]
  1550 | D:2      | HP: 1/22 [burnt (4)]
  1551 | D:2      | Incinerated by a bombardier beetle

Levels and vault maps discovered:
D:1:      dpeg_arrival_subterranean_lakeside_camping, layout_basic,
          shapermc_ecumenical_altar_mp_highgroup, serial_shops, shop
D:2:      layout_basic, minmay_rat_hole
D:3:      layout_rooms, nicolae_uskayaw_murder_on_the_dancefloor, uniq_natasha,
          uniq_terence

Skill      XL: |  1  2  3 |
---------------+----------+-----
Dodging        | 3 4 |  4.0
Ranged Weapons | 5 |  5.4
Fighting       | |  1.5
Stealth        | |  1.5

Action                     |  1- 3 |  4- 6 || total
---------------------------+-------+-------++-------
   Fire: Shortbow          |   121 |     8 ||   129
    Use: Scroll            |     8 |       ||     8
 Armour: Robe              |    23 |     1 ||    24
  Dodge: Dodged            |    77 |     2 ||    79

Table legend:
 A = Non-vault XP
 B = Vault XP
 C = Vault XP percentage of total XP
 D = Non-vault monster count
 E = Vault monster count
 F = Vault count percentage of total count
                 A         B        C        D         E       F
            +---------+---------+-------+---------+---------+-------
      Total |     108 |      28 |  20.6 |      26 |      25 |  49.0
            +---------+---------+-------+---------+---------+-------
        D:1 |      17 |       8 |  32.0 |      10 |       6 |  37.5
        D:2 |      91 |      20 |  18.0 |      16 |      19 |  54.3
            +---------+---------+-------+---------+---------+-------
